 Dungeon Crawl Stone Soup version 0.21-a0-29-g43b3074 (webtiles) character file.

133539 kuniqs the Fighter (level 17, -5/93 HPs)
             Began as a Vine Stalker Fighter on May 26, 2017.
             Was a Priest of Uskayaw.
             Slain by an emperor scorpion (7 damage)
             ... on level 4 of the Spider Nest on May 27, 2017.
             The game lasted 00:44:58 (21920 turns).

kuniqs the Fighter (Vine Stalker Fighter)          Turns: 21920, Time: 00:44:59

Health: -5/93      AC:  6    Str: 23 (24) XL:     17   Next: 15%
Magic:  0/26       EV: 13    Int: 10      God:    Uskayaw [***...]
Gold:   1298       SH: 21    Dex: 16      Spells: 16/16 levels left

rFire    . . .     SeeInvis .   z - +3 short sword (drain)
rCold    + . .     Gourm    .   Q - +2 shield
rNeg     . . .     Faith    .   E - +0 plate armour
rPois    .         Spirit   +   (helmet restricted)
rElec    .         Reflect  +   o - +2 cloak {+Inv}
rCorr    .         Harm     .   K - +0 pair of gloves
MR       ++...                  L - +1 pair of boots {Stlth+}
Stlth    ..........             a - +6 amulet of reflection
Regen    1.1/turn               W - ring of protection from cold
MPRegen  0.2/turn               q - +4 ring of protection

@: lethally poisoned (-5 -> -15), about to teleport, corroded, slowed, very slow
A: fangs 3, horns 1, clever 1, deterioration 1, regeneration 2, magic shield,
antimagic bite, no potion heal 3, rot immunity
a: Stomp, Line Pass, Renounce Religion, Evoke Invisibility


You were on level 4 of the Spider Nest.
You worshipped Uskayaw.
Uskayaw was aware of your devotion.
You were not hungry.

You visited 5 branches of the dungeon, and saw 26 of its levels.
You visited the Abyss 1 time.
You also visited: Labyrinth and Ice Cave.

You collected 2903 gold pieces.
You spent 1605 gold pieces at shops.

Inventory:

Hand Weapons
 z - a +3 short sword of draining (weapon)
 I - a +4 scimitar of flaming
Missiles
 h - 4 throwing nets (quivered)
Armour
 o - a +2 cloak of invisibility (worn)
 s - a +0 helmet
 y - the cursed +0 ring mail of Gozag's Hatred {rElec rC+ Str+4 Stlth+}
   (You found it on level 5 of the Lair of Beasts)

   It affects your strength (+4).
   It protects you from cold.
   It insulates you from electricity.
   It makes you more stealthy.
   It has a curse placed upon it.
 E - a +0 plate armour (worn)
 K - a +0 pair of gloves (worn)
 L - a +1 pair of boots of stealth (worn)
 Q - a +2 shield (worn)
Jewellery
 a - a +6 amulet of reflection (around neck)
 m - an uncursed ring of see invisible
 q - a +4 ring of protection (right hand)
 W - a ring of protection from cold (left hand)
Wands
 r - a wand of polymorph (11/24)
 u - a wand of acid (11/15)
 A - a wand of digging (21/24)
 P - a wand of confusion (7/48)
 S - a wand of clouds (0/9)
 T - a wand of flame (29/48)
 U - a wand of paralysis (5/24)
Scrolls
 g - 3 scrolls of magic mapping
 j - 4 scrolls of enchant armour
 k - a scroll of blinking
 n - 7 scrolls of teleportation
 t - 7 scrolls of identify {@r1}
 x - 9 scrolls of remove curse {@r2}
 B - a scroll of fear
 D - 3 scrolls of enchant weapon
 G - 3 scrolls of immolation
 J - a scroll of silence {unknown}
 M - a scroll of holy word
 N - a scroll of recharging
 O - a scroll of fog {unknown}
Potions
 c - a potion of invisibility
 i - a potion of might
 l - 7 potions of curing {@q1}
 p - a potion of flight
 w - 4 potions of agility
 C - 3 potions of resistance
 F - a potion of mutation
Comestibles
 b - 8 chunks of flesh
 d - 11 bread rations
 e - 13 meat rations
 f - 19 fruits
 H - 4 royal jellies


   Skills:
 + Level 11.9 Fighting
 + Level 11.7 Short Blades
 + Level 11.2 Armour
 + Level 10.8 Dodging
 + Level 11.9 Shields
 + Level 11.9 Invocations


You had 16 spell levels left.
You didn't know any spells.

Dungeon Overview and Level Annotations

Branches:
Dungeon (13/15)            Temple (1/1) D:5            Lair (6/6) D:8
 Shoals (0/4) Lair:2       Spider (4/4) Lair:2        Slime (0/5) Lair:6
    Orc (2/2) D:10            Elf (0/3) Orc:2
 Vaults: D:13-14

Altars:
Hepliaklqana
Kikubaaqudgha
Nemelex Xobeh
Okawaru
Trog
Uskayaw
Vehumet
Zin
The Shining One

Shops:
D:6 :   D:7 *   Orc:2 =%?}%=}[(


Innate Abilities, Weirdness & Mutations

You have razor-sharp teeth.
You heal very quickly.
When hurt, damage is shared between your health and your magic reserves.
Your bite disrupts and absorbs the magic of your enemies.
Potions cannot restore your health.
You are immune to rotting.
You have a pair of small horns on your head.
Your mind is acute. (Int +2)
Your body sometimes deteriorates upon taking damage.


Message History

A hornet and 3 emperor scorpions come into view.
Enter note: FUCVKCJASHG
As you read the scroll of teleportation, it crumbles to dust.
You feel strangely unstable. You block the hornet's attack.
The hornet stings you.
* * * LOW HITPOINT WARNING * * *
You feel yourself slow down. The emperor scorpion barely misses you.
You block the emperor scorpion's attack. x2
The emperor scorpion closely misses you.
The emperor scorpion claws you!
* * * LOW HITPOINT WARNING * * *
The emperor scorpion barely misses you.
You hit the spark wasp but do no damage.
You drain the spark wasp! Your headbutt misses the spark wasp.
You block the hornet's attack. The hornet completely misses you.
You block the spark wasp's attack. The emperor scorpion stings you!!
* * * LOW HITPOINT WARNING * * *
You are lethally poisoned!
The emperor scorpion poisons you! The emperor scorpion claws you!
You die...

##≈....##....s.≈≈##
##....##≈..≈##≈..≈≈≈
#≈..†.##..≈#####as..
#≈.....≈..≈## ##≈.
≈....≈...†^≈##.# #≈.
#≈≈≈≈##≈.≈###
..###≈.^ ##### #####
≈≈≈≈.≈# ##########
##≈a.s≈# #^.ss@sy.+
#s≈a.≈# #.?{yyyy.#
#ss≈≈# #..y##...#
###§.;### #..#
#..###≈...≈# ###
####^..^.##≈.
#####≈..≈≈≈≈≈≈.
#.≈#s.^≈#≈≈≈###
..##^.†.≈≈######
....^.≈.###


You could see 3 emperor scorpions, a spark wasp, a moth of wrath and 4 hornets.

Vanquished Creatures
  A lich (Spider:1)
  Kirke (Lair:6)
  A ghost moth (Spider:2)
  A frost giant (IceCv)
  3 emperor scorpions
  The ghost of grindst0ne the Cleaver, a journeyman FoFi of Makhleb (Lair:4)
  The ghost of kal9871 the Arsonist, a journeyman OgFE of Sif Muna (Lair:4)
  An entropy weaver (Spider:3)
  A dire elephant (Lair:6)
  A spark wasp (Spider:4)
  Josephine (D:11)
  Snorg (D:11)
  Fannar (Orc:1)
  A minotaur (Lab)
  4 ogre magi (Orc:2)
  Harold (Lair:2)
  2 hydras
  A merfolk avatar (Lair:6)
  Erica (D:11)
  2 death yaks (IceCv)
  15 two-headed ogres
  The ghost of Apogee the Severer, a novice MiBe of Trog (D:8)
  Urug (D:11)
  An unseen horror (D:6)
  10 wolf spider zombies (Spider:1)
  2 necromancers
  3 harpies (Lair:6)
  18 wolf spiders
  2 ugly things
  An orc sorcerer (Orc:2)
  13 orb spiders
  A manticore (Lair:6)
  3 moths of wrath
  A cyclops (Orc:2)
  7 elephants (Lair:6)
  3 black mambas
  An ice statue (IceCv)
  Maurice (Orc:1)
  2 torpor snails
  16 spiny frogs
  3 gargoyles (D:12)
  5 rime drakes
  12 demonic crawlers
  9 redback zombies (Spider:1)
  A kobold demonologist (D:12)
  10 komodo dragons
  2 trolls
  2 hornets
  28 jumping spiders
  2 wind drakes (Lair:6)
  18 blink frogs
  19 polar bears
  9 tarantella zombies (Spider:1)
  5 dream sheep (Lair:6)
  6 hippogriffs
  56 redbacks
  23 tarantellas
  An ice dragon skeleton (Abyss:3)
  4 wraiths (D:11)
  Sigmund (D:5)
  A shadow (D:10)
  56 yaks
  6 humans (Lair:6)
  A large abomination (Abyss:3)
  4 basilisks
  6 wyverns
  Grum (D:8)
  A chaos spawn (Abyss:3)
  2 hungry ghosts
  Edmund (D:4)
  A warg (Orc:1)
  18 water moccasins
  A soldier ant (D:10)
  12 porcupines
  Duvessa (D:4)
  A hornet zombie (D:10)
  3 sky beasts
  14 orc warriors
  An ice beast (D:5)
  2 black bears
  An eye of draining (Abyss:3)
  17 wolves
  28 ogres
  11 centaurs
  13 crocodiles
  3 small abominations (Abyss:3)
  7 big kobolds
  Blork the orc (D:6)
  16 bullfrogs
  An earth elemental (Abyss:3)
  A wyvern zombie (D:9)
  Dowan (D:4)
  3 scorpions
  10 killer bees
  3 howler monkeys
  An electric eel (Lair:2)
  A bullfrog zombie (D:6)
  7 crimson imps
  2 quasits
  Crazy Yiuf (D:4)
  6 hounds
  6 jellies
  3 centaur skeletons
  13 orc priests
  11 orc wizards
  3 bullfrog skeletons
  An iguana (D:11)
  8 worker ants
  4 yak simulacra (Lair:3)
  Ijyb (D:4)
  2 polar bear simulacra (Lair:3)
  A killer bee zombie (D:8)
  2 wolf simulacra (Lair:3)
  A hound skeleton (D:5)
  A worker ant zombie (D:10)
  Robin (D:2)
  A howler monkey skeleton (D:7)
  21 adders
  A shadow imp (D:8)
  12 white imps (Lair:6)
  4 oozes
  2 adder zombies
  3 worms
  An adder skeleton (D:7)
  6 dart slugs
  5 leopard geckos
  57 orcs
  3 ball pythons
  9 giant cockroaches
  12 goblins
  14 hobgoblins
  17 jackals
  68 kobolds
  5 quokkas
  A ball python skeleton (D:4)
  10 bats
  A frilled lizard (D:1)
  A quokka zombie (D:5)
  5 rats
  3 river rat simulacra (Lair:3)
932 creatures vanquished.

Vanquished Creatures (others)
  An orb spider (Spider:4)
  An elephant (Lair:6)
  A polar bear (IceCv)
  A hippogriff (Lair:6)
  A water moccasin (Lair:6)
  A jelly (Lair:6)
  An orc (Orc:2)
  19 fungi
  13 plants
39 creatures vanquished.

Grand Total: 971 creatures vanquished

Notes
Turn   | Place    | Note
-------+----------+-------------------------------------------
     0 | D:1      | kuniqs the Vine Stalker Fighter began the quest for the Orb.
     0 | D:1      | Reached XP level 1. HP: 11/11 MP: 2/2
    94 | D:1      | Reached XP level 2. HP: 4/16 MP: 1/3
   631 | D:1      | Reached XP level 3. HP: 19/19 MP: 4/4
  1070 | D:2      | Reached skill level 1 in Dodging
  1070 | D:2      | Gained mutation: Your natural rate of healing is unusually fast. [Vine Stalker growth]
  1070 | D:2      | Reached XP level 4. HP: 23/24 MP: 5/5
  1429 | D:2      | Noticed Robin
  1450 | D:2      | Reached XP level 5. HP: 23/28 MP: 6/6
  1465 | D:2      | Killed Robin
  2420 | D:4      | Noticed Duvessa
  2420 | D:4      | Noticed Dowan
  2485 | D:3      | Reached XP level 6. HP: 15/32 MP: 7/7
  2683 | D:4      | Noticed Ijyb
  2694 | D:4      | Killed Ijyb
  2748 | D:4      | Noticed Edmund
  2775 | D:4      | Killed Edmund
  2775 | D:4      | Reached XP level 7. HP: 37/37 MP: 8/8
  3276 | D:4      | Killed Dowan
  3279 | D:4      | Killed Duvessa
  3482 | D:4      | Found a runed door.
  3723 | D:4      | Noticed Crazy Yiuf
  3746 | D:4      | Killed Crazy Yiuf
  3793 | D:5      | Entered Level 5 of the Dungeon
  3884 | D:5      | Noticed Sigmund
  3942 | D:5      | Killed Sigmund
  3942 | D:5      | Gained mutation: You have razor-sharp teeth. [Vine Stalker growth]
  3942 | D:5      | Reached XP level 8. HP: 42/42 MP: 9/9
  4167 | D:5      | Found a staircase to the Ecumenical Temple.
  4176 | Temple   | Entered the Ecumenical Temple
  4213 | Temple   | Became a worshipper of Uskayaw the Reveler
  4259 | D:5      | Reached * piety under Uskayaw
  4268 | D:5      | Reached ** piety under Uskayaw
  4368 | D:5      | Found a radiant altar of Vehumet.
  4541 | D:5      | Reached skill level 5 in Shields
  4612 | D:5      | Reached skill level 5 in Fighting
  4612 | D:5      | Reached skill level 1 in Invocations
  4612 | D:5      | Reached *** piety under Uskayaw
  4904 | D:5      | Reached **** piety under Uskayaw
  4912 | D:5      | Reached ***** piety under Uskayaw
  4922 | D:5      | Reached XP level 9. HP: 47/47 MP: 11/11
  4925 | D:5      | Reached ****** piety under Uskayaw
  5256 | D:5      | Reached skill level 5 in Armour
  5451 | D:6      | Found Xulliel's Book Shoppe.
  5499 | D:6      | Noticed Blork the orc
  5507 | D:6      | Killed Blork the orc
  5789 | D:6      | Killed an unseen horror
  5789 | D:6      | Reached skill level 5 in Short Blades
  6307 | D:7      | Found Daugumor's Assorted Antiques.
  6331 | D:7      | Bought a cyan potion for 22 gold pieces
  6331 | D:7      | Bought a cyan potion for 22 gold pieces
  6331 | D:7      | Bought a scroll labeled LUQASK CIREA for 25 gold pieces
  6331 | D:7      | Bought a scroll labeled URHOBY VOCUMN for 25 gold pieces
  6463 | D:7      | Reached XP level 10. HP: 53/53 MP: 13/13
  6944 | D:8      | Noticed a two-headed ogre
  7053 | D:8      | Killed a two-headed ogre
  7341 | D:8      | Noticed Grum
  7358 | D:8      | Reached skill level 5 in Dodging
  7358 | D:8      | Killed Grum
  7457 | D:8      | Noticed Apogee's ghost (novice MiBe)
  7493 | D:8      | Killed Apogee's ghost
  7700 | D:8      | Found a staircase to the Lair.
  7742 | D:8      | Reached skill level 5 in Invocations
  8131 | D:9      | Reached XP level 11. HP: 58/58 MP: 15/15
  8246 | D:9      | Noticed a two-headed ogre
  8255 | D:9      | Killed a two-headed ogre
  8698 | D:10     | Entered Level 10 of the Dungeon
  8985 | D:10     | Found a staircase to the Orcish Mines.
  9337 | D:11     | Noticed Erica
  9359 | D:11     | Killed Erica
  9433 | D:11     | Noticed Josephine
  9453 | D:11     | Killed Josephine
  9506 | D:11     | Noticed a six-headed hydra
  9515 | D:11     | Killed a three-headed hydra
  9643 | D:11     | Gained mutation: You heal very quickly. [Vine Stalker growth]
  9643 | D:11     | Reached XP level 12. HP: 62/64 MP: 17/17
  9677 | D:11     | Noticed Urug
  9689 | D:11     | Killed Urug
 10091 | D:11     | Found an ancient bone altar of Kikubaaqudgha.
 10213 | D:11     | Noticed Snorg
 10227 | D:11     | Killed Snorg
 10361 | D:12     | Gained mutation: Your muscles are strong. (Str +2) [a neqoxec]
 10625 | D:12     | Lost mutation: Your muscles are strong. (Str +2) [potion of mutation]
 10625 | D:12     | Gained mutation: You have a pair of small horns on your head. [potion of mutation]
 10625 | D:12     | Gained mutation: Your body sometimes deteriorates upon taking damage. [potion of mutation]
 10625 | D:12     | Gained mutation: Your mind is acute. (Int +2) [potion of mutation]
 10919 | D:13     | Noticed a two-headed ogre
 10920 | D:13     | Noticed a two-headed ogre
 10920 | D:13     | Noticed a two-headed ogre
 10921 | D:13     | Noticed an ogre mage
 11024 | Lair:1   | Entered Level 1 of the Lair of Beasts
 11600 | Lair:1   | Reached XP level 13. HP: 45/70 MP: 15/19
 11884 | Lair:2   | Noticed Harold
 11909 | Lair:2   | Killed Harold
 12167 | Lair:2   | Found a staircase to the Shoals.
 12345 | Lair:2   | Found a hole to the Spider Nest.
 12938 | Lair:3   | Paralysed by a hornet for 2 turns
 13230 | Lair:4   | Noticed grindst0ne's ghost (journeyman FoFi)
 13535 | Lair:4   | Noticed kal9871's ghost (journeyman OgFE)
 13559 | Lair:4   | Killed kal9871's ghost
 14066 | Lair:5   | Identified the cursed +0 ring mail of Gozag's Hatred {rElec rC+ Str+4 Stlth+} (You found it on level 5 of the Lair of Beasts)
 14684 | Lair:5   | Reached XP level 14. HP: 76/76 MP: 21/21
 14750 | Lair:6   | Entered Level 6 of the Lair of Beasts
 14760 | Lair:6   | Found a labyrinth entrance.
 14767 | Lab      | Entered a labyrinth
 15162 | Lab      | Identified the Compendium of Destructive Cold
 15163 | Lab      | Got a transparent garnet amulet
 15172 | Lab      | Identified the amulet of Icisit {Inacc +Blink rF- Dex+2} (You found it in a labyrinth)
 15255 | Lair:6   | Found a frozen archway.
 15292 | IceCv    | Entered an ice cave
 15759 | IceCv    | Reached skill level 10 in Fighting
 15763 | IceCv    | Reached skill level 10 in Shields
 15792 | IceCv    | Noticed a frost giant
 15818 | IceCv    | Killed a frost giant
 15885 | IceCv    | Got a scintillating pewter ring
 15886 | IceCv    | Identified the ring "Xizxif" {*Slow rC+ Str+2 Int+2 Dex+3} (You found it in an ice cave)
 16000 | Lair:6   | Reached skill level 10 in Short Blades
 16221 | Lair:6   | Noticed Kirke
 16236 | Lair:6   | Killed Kirke
 16289 | Lair:6   | Found a staircase to the Slime Pits.
 16320 | Lair:6   | Reached skill level 10 in Invocations
 16334 | Lair:6   | Reached XP level 15. HP: 44/81 MP: 13/23
 16491 | Lair:6   | Identified the +1 leather armour "Zisot" {rElec Stlth+} (You found it on level 6 of the Lair of Beasts)
 17000 | Lair:4   | Killed grindst0ne's ghost
 17102 | Orc:1    | Entered Level 1 of the Orcish Mines
 17184 | Orc:1    | Noticed Maurice
 17196 | Orc:1    | Killed Maurice
 17310 | Orc:1    | Noticed Fannar
 17320 | Orc:1    | Killed Fannar
 17633 | Orc:2    | Entered Level 2 of the Orcish Mines
 17671 | Orc:2    | Found Xaxab's Food Boutique.
 17671 | Orc:2    | Found Jiucoas's Jewellery Shop.
 17749 | Orc:2    | Found Ravirr's Magic Scroll Shoppe.
 17881 | Orc:2    | Found Caysev's Gadget Emporium.
 18014 | Orc:2    | Found Kecliqud's Antique Armour Emporium.
 18014 | Orc:2    | Found Osimn's Jewellery Boutique.
 18042 | Orc:2    | Reached skill level 10 in Armour
 18234 | Orc:2    | Found Lyvuh's Gadget Boutique.
 18234 | Orc:2    | Found Gaivafay's Food Shoppe.
 18245 | Orc:2    | Bought a +4 ring of protection for 504 gold pieces
 18248 | Orc:2    | Bought a pair of embroidered boots for 247 gold pieces
 18309 | Orc:2    | Found Adghol's Antique Weapon Emporium.
 18598 | Orc:2    | Found a staircase to the Elven Halls.
 18644 | Orc:2    | Bought a +6 amulet of reflection for 760 gold pieces
 18774 | Spider:1 | Entered Level 1 of the Spider Nest
 18902 | Spider:1 | Reached skill level 10 in Dodging
 19007 | Spider:1 | Reached XP level 16. HP: 85/87 MP: 25/25
 20094 | Spider:1 | Cast into level 3 of the Abyss (a Zot trap)
 20229 | Abyss:3  | Noticed a lich
 20236 | Spider:1 | Escaped the Abyss
 20250 | Spider:1 | Killed a lich
 20937 | Spider:4 | Entered Level 4 of the Spider Nest
 21703 | Spider:4 | Reached XP level 17. HP: 92/93 MP: 26/26
 21919 | Spider:4 | FUCVKCJASHG
 21920 | Spider:4 | HP: 2/93 [emperor scorpion (17)]
 21920 | Spider:4 | Slain by an emperor scorpion

Vault maps used:
D:1:      minmay_arrival_checkered_box
D:2:      uniq_robin
D:4:      serial_curves, eino_curves_02, eino_curves_04,
          uniq_crazy_yiuf_cottage, uniq_ijyb, uniq_duvessa, uniq_edmund
D:5:      minmay_goblin_kobold_castle, nicolae_overflow_crystal_walls,
          minmay_temple_entry_junction, first_bread, serial_park,
          serial_park_gazebo, serial_park_square3, uniq_sigmund
D:6:      serial_shops, shop, uniq_blork_the_orc
D:7:      serial_shops, nicolae_shop_trees
D:8:      grunt_lair_entry_orc_guard_hut, uniq_grum
D:10:     orc_0_dummy
D:11:     basic_altar, grunt_ogre_cave, uniq_snorg, uniq_urug, uniq_josephine,
          uniq_erica
D:13:     david_vaults_1
Temple:   minmay_crystal_snake_temple
Lair:1:   beast_lair_carwin_7
Lair:2:   elwin_shoals_entry_rooms, spider_nest_entry_a, uniq_harold
Lair:3:   hangedman_lair_unloving_vines, st_stairs_12, eino_house_with_fridge
Lair:4:   st_stairs_3, grunt_megastairs_4
Lair:5:   minivault_19, wad_woods_road_05
Lair:6:   gammafunk_lair_ancient_temple, nicolae_slime_entry_slimehenge,
          portal_ice_cave_entry_imps, lab_entry_generic, uniq_kirke
Spider:1: lemuel_spider_zombies
Spider:4: spider_rune_water
Orc:1:    uniq_fannar, uniq_maurice
Orc:2:    st_orc_ogre_mass, serial_shops, shop, shop, nicolae_shop_behind_doors,
          shop, shop, statue_in_the_mist_lemuel
Abyss:3:  evilmike_abyss_exit_8, evilmike_nicolae_abyss_rune_containment_curve
Lab:      nicolae_lab_garden, labyrinth_skeletal_remains, nicolae_lab_diamond
IceCv:    ice_cave_caverns_01

Skill      XL: |  1  2  3  4  5  6  7  8  9 10 11 12 13 14 15 16 |
---------------+-------------------------------------------------+-----
Short Blades   | 2 3 4 5 6 7 8 9 10 11 | 11.7
Shields        | 3 4 5 6 7 8 9 10 11 | 11.9
Fighting       | 3 4 5 6 7 8 9 10 11 | 11.9
Dodging        | 1 2 3 4 5 6 7 8 9 10 | 10.8
Armour         | 3 4 5 6 7 8 9 10 11 | 11.2
Invocations    | 1 3 5 6 7 8 10 11 | 11.9

Action                   |  1- 3 |  4- 6 |  7- 9 | 10-12 | 13-15 | 16-18 || total
-------------------------+-------+-------+-------+-------+-------+-------++-------
Melee: Rapier            |    69 |   108 |       |       |       |       ||   177
       Bite              |    18 |    99 |   144 |   346 |   621 |   335 ||  1563
       Dagger            |       |   136 |    51 |       |       |       ||   187
       Short sword       |       |       |   354 |   778 |  1363 |   779 ||  3274
       Scimitar          |       |       |       |    31 |       |       ||    31
       Headbutt          |       |       |       |    40 |   406 |   217 ||   663
Invok: Grand Finale      |       |       |       |       |     1 |       ||     1
       Line Pass         |       |       |       |       |     1 |       ||     1
Evoke: Wand              |       |       |       |       |     6 |     3 ||     9
  Use: Scroll            |       |       |     3 |     8 |    11 |     8 ||    30
       Potion            |       |       |       |    10 |       |     3 ||    13
 Stab: Paralysed         |       |       |    10 |    43 |    87 |    50 ||   190
       Confused          |       |       |       |       |     2 |       ||     2
  Eat: Chunk             |       |     6 |     7 |    21 |    24 |    10 ||    68
       Bread ration      |       |       |     1 |       |       |       ||     1
       Fruit             |       |       |     1 |       |       |       ||     1
       Royal jelly       |       |       |       |       |     1 |       ||     1
Armor: Scale mail        |    29 |    33 |       |       |       |       ||    62
       Chain mail        |       |    48 |   185 |       |       |       ||   233
       Plate armour      |       |       |    10 |   264 |   301 |   282 ||   857
Dodge: Dodged            |    22 |    64 |    96 |   178 |   273 |   213 ||   846
Block: Shield            |    34 |   114 |   224 |   432 |   809 |   733 ||  2346
       Reflection        |       |       |       |       |    15 |     1 ||    16
       Rpst.: Scimitar   |       |       |       |     2 |       |       ||     2
